 Dungeon Crawl Stone Soup version 0.25.1-1-g288607f5aa (webtiles) character file.

Game seed: 17523260506958142072

786 Ijustatesigmund the Chopper (level 7, -8/49 HPs)
             Began as an Octopode Fighter on July 23, 2020.
             Mangled by Edmund
             ... wielding a +4 flail of draining
              (12 damage)
             ... on level 5 of the Dungeon.
             The game lasted 00:06:39 (4276 turns).

Ijustatesigmund the Chopper (Octopode Fighter)      Turns: 4276, Time: 00:06:40

Health: -8/49      AC:  1    Str: 15    XL:     7   Next: 87%
Magic:  7/7        EV: 11    Int: 11    God:
Gold:   160        SH:  9    Dex: 13    Spells: 6/6 levels left

rFire    . . .     SeeInvis .   a - +1 war axe
rCold    . . .     Gourm    .   b - +1 kite shield
rNeg     . . .     Faith    .   (helmet restricted)
rPois    .         Spirit   .   (no amulet)
rElec    .         Reflect  .   (no ring)
rCorr    .         Harm     .   (no ring)
MR       .....                  (no ring)
Stlth    +++.......             (no ring)
HPRegen  0.16/turn              (no ring)
MPRegen  0.10/turn              (no ring)
                                (no ring)
                                (no ring)

@: mighty, heavily drained
A: almost no armour, stealthy swim, amphibious, 8 rings, constrict 8, camouflage
1, gelatinous body 1
a: no special abilities


You were on level 5 of the Dungeon.
You were not hungry.

You visited 1 branch of the dungeon, and saw 5 of its levels.

You collected 160 gold pieces.

Inventory:

Hand Weapons
 a - a +1 war axe (weapon)
Missiles
 l - a datura-tipped dart (quivered)
Armour
 b - a +1 kite shield (worn)
Wands
 k - a wand of disintegration (1)
Scrolls
 h - 2 scrolls of remove curse
 i - a scroll of teleportation
 m - a scroll of enchant armour
 n - a scroll of magic mapping
Potions
 c - a potion of might
 e - a potion of brilliance
 f - a potion of ambrosia
 g - a potion of flight
 j - 2 potions of curing
 o - a potion of resistance {unknown}
 p - a potion of cancellation {unknown}
 q - a potion of lignification {unknown}
Comestibles
 d - 8 rations


   Skills:
 + Level 4.5(3.2) Fighting
 + Level 6.5(5.0) Axes
 + Level 4.0(2.6) Dodging
 - Level 3.5(2.2) Stealth
 + Level 3.9(2.6) Shields


You had 6 spell levels left.
You didn't know any spells.
Your spell library was empty.

Dungeon Overview and Level Annotations

Branches:
Dungeon (5/15)
 Temple: D:4-7

Altars:
Cheibriados
Elyvilon
Kikubaaqudgha
Sif Muna
Uskayaw
Vehumet
Wu Jian
The Shining One

Annotations:
D:5 Edmund


Innate Abilities, Weirdness & Mutations

You cannot wear most types of armour.
You are very stealthy in the water. (Stealth+)
You are amphibious.
You can wear up to eight rings at the same time.
You can use your tentacles to constrict eight enemies at once.
Your skin changes colour to match your surroundings (Stealth+).
Your rubbery body absorbs attacks. (AC +1, EV +1)


Message History

Edmund is moderately wounded.
You constrict Edmund.
Edmund hits you with a +4 flail of draining!
You feel drained. You block Edmund's attack.
You slash Edmund! You squeeze Edmund.
Edmund is heavily wounded.
You constrict Edmund.
Edmund hits you with a +4 flail of draining.
You feel drained.
You feel very mighty all of a sudden.
You constrict Edmund.
Edmund hits you with a +4 flail of draining!
* * * LOW HITPOINT WARNING * * *
You feel drained.
* * * LOW HITPOINT WARNING * * *
You slash Edmund!
Edmund is almost dead.
You constrict Edmund.
Edmund hits you with a +4 flail of draining!
You die...

##### #...# ♣ #...####♣♣ ♣♣♣
#........♣♣ ♣♣..
#.........♣♣♣...
#....≈≈≈...♣...≈
###############...≈≈≈≈≈.....≈≈
#......>....@@....≈≈♣≈≈.....≈≈
#.#####....(......≈≈≈≈≈.....≈≈
#.# ##########...≈≈≈...♣...≈
#l# ##....)(.♣♣♣... #(#
##.....♣♣ ♣♣.. #Z# ###..♣♣ ♣♣♣
#.# #.## ♣ #.. #.# ### #.#


You could see the neutral Edmund (fast, strong, insane).

Vanquished Creatures
  A hungry ghost (D:5)
  An ogre (D:5)
  3 vampire bats (D:2)
  A crimson imp (D:5)
  Crazy Yiuf (D:3)
  2 orc priests
  A bullfrog skeleton (D:5)
  2 worker ants (D:4)
  A worker ant zombie (D:5)
  3 gnolls (D:2)
  7 adders
  4 oozes
  An adder skeleton (D:5)
  5 worms
  2 dart slugs
  2 leopard geckos
  6 orcs
  5 bat skeletons (D:2)
  2 bat zombies (D:2)
  2 giant cockroaches
  8 goblins
  10 hobgoblins
  4 jackals (D:2)
  3 quokkas
  A ball python (D:2)
  6 bats
  4 frilled lizards
  A jackal skeleton (D:5)
  3 kobolds
  A leopard gecko skeleton (D:2)
  3 rats
96 creatures vanquished.

Vanquished Creatures (collateral kills)
  A bullfrog zombie (D:5)
  An iguana (D:5)
2 creatures vanquished.

Grand Total: 98 creatures vanquished

Notes
Turn   | Place    | Note
-------+----------+-------------------------------------------
     0 | D:1      | Ijustatesigmund the Octopode Fighter began the quest for
                  | the Orb.
     0 | D:1      | Reached XP level 1. HP: 16/16 MP: 1/1
   301 | D:1      | Reached XP level 2. HP: 17/21 MP: 2/2
   413 | D:1      | Reached skill level 3 in Axes
   914 | D:2      | Reached XP level 3. HP: 26/26 MP: 3/3
   931 | D:2      | Reached skill level 4 in Axes
   932 | D:2      | Reached XP level 4. HP: 29/31 MP: 4/4
   988 | D:2      | Found a faded altar of an unknown god.
  1217 | D:2      | Reached skill level 1 in Stealth
  1275 | D:2      | Found an ancient bone altar of Kikubaaqudgha.
  1279 | D:2      | Reached skill level 5 in Axes
  1279 | D:2      | Reached XP level 5. HP: 32/36 MP: 5/5
  1297 | D:2      | Reached XP level 6. HP: 17/42 MP: 6/6
  1582 | D:2      | Found a glowing golden altar of the Shining One.
  1858 | D:3      | Found an ornate altar of the Wu Jian Council.
  2313 | D:3      | Found a runed translucent door.
  2314 | D:3      | Noticed Crazy Yiuf
  2321 | D:3      | Killed Crazy Yiuf
  2700 | D:4      | Reached skill level 6 in Axes
  2987 | D:4      | Found a hide-covered altar of Uskayaw.
  3020 | D:4      | Found a snail-covered altar of Cheibriados.
  3105 | D:4      | Reached XP level 7. HP: 47/47 MP: 7/7
  3489 | D:4      | Found a shimmering blue altar of Sif Muna.
  3493 | D:4      | Found a radiant altar of Vehumet.
  3540 | D:5      | Entered Level 5 of the Dungeon
  3621 | D:5      | Noticed a hungry ghost
  3635 | D:5      | Killed a hungry ghost
  3969 | D:5      | Found a white marble altar of Elyvilon.
  4251 | D:5      | Noticed Edmund
  4276 | D:5      | Mangled by Edmund

Illustrated notes

Levels and vault maps discovered:
D:1:      dpeg_arrival_tiny_a, layout_basic
D:2:      layout_rooms, kennysheep_vampire_church,
          chequers_ecumenical_altar_simple, nicolae_tso_swordbearing_angel
D:3:      layout_basic, old_standard_altar, chequers_serial_rivers_small_a,
          uniq_crazy_yiuf_cottage
D:4:      layout_basic, minitemple, eat_drink_and_be_merry_uskayaw,
          minmay_splitting_lines, kennysheep_slug_shrine
D:5:      layout_basic, elyvilon_altar_3, basic_altar, first_ration, uniq_edmund

Skill      XL: |  1  2  3  4  5  6  7 |
---------------+----------------------+-----
Axes           | 3 4 5 6 |  6.5
Stealth        | 2 3 |  3.5
Fighting       | 4 |  4.5
Dodging        | 4 |  4.0
Shields        | |  3.9

Action                   |  1- 3 |  4- 6 |  7- 9 || total
-------------------------+-------+-------+-------++-------
Melee: War axe           |    41 |   126 |    31 ||   198
       Constrict         |     9 |    34 |     7 ||    50
       Tentacles         |     5 |    26 |     8 ||    39
Throw: Dart              |       |       |     2 ||     2
Evoke: Wand              |       |     1 |     9 ||    10
  Use: Scroll            |     3 |     6 |     3 ||    12
       Potion            |       |       |     1 ||     1
 Stab: Sleeping          |     2 |     7 |     1 ||    10
  Eat: Chunk             |       |     7 |     4 ||    11
       Ration            |       |       |     1 ||     1
Armor: Skin              |     6 |    12 |     1 ||    19
Dodge: Dodged            |    23 |    67 |    10 ||   100
Block: Kite shield       |    21 |    56 |    16 ||    93
